 Dungeon Crawl Stone Soup version 0.29-a0-393-g47a863cc1b (webtiles) character file.

Game seed: 15500374306137711133

6 HendSelp the Cudgeller (level 1, -2/17 HPs)
             Began as a Draconian Gladiator on May 10, 2022.
             Slain by a jackal (3 damage)
             ... on level 1 of the Dungeon.
             The game lasted 00:00:13 (212 turns).

HendSelp the Cudgeller (Draconian Gladiator)         Turns: 212, Time: 00:00:14

Health: -2/17      AC:  4    Str: 16    XL:     1   Next: 75%
Magic:  1/1        EV: 12    Int:  8    God:
Gold:   10         SH:  0    Dex: 12    Spells: 0/0 levels left

rFire   . . .      SeeInvis .   a - +0 flail
rCold   . . .      Faith    .   (no shield)
rNeg    . . .      Spirit   .   (body armour unavailable)
rPois   .          Reflect  .   b - +0 hat
rElec   .          Harm     .   (no cloak)
rCorr   .          Rampage  .   (no gloves)
Will    .....                   (no boots)
Stlth   +.........              (no amulet)
HPRegen 0.05/turn               (no ring)
MPRegen 0.07/turn               (no ring)

@: no status effects
A: AC +4, unfitting armour, cold-blooded
a: no special abilities


You were on level 1 of the Dungeon.
You visited 1 branch of the dungeon, and saw 1 of its levels.

You collected 10 gold pieces.

Inventory:

Hand Weapons
 a - a +0 flail (weapon)
Missiles
 c - 3 throwing nets (quivered)
 d - a javelin
Armour
 b - a +0 hat (worn)
Potions
 e - a potion of resistance {unknown}


   Skills:
 + Level 2.2 Fighting
 + Level 3.2 Maces & Flails
 - Level 1.7 Throwing
 + Level 2.8 Dodging


You couldn't memorise any spells.
You didn't know any spells.
Your spell library was empty.

Dungeon Overview and Level Annotations

Branches:
Dungeon (1/15)

Altars:


Innate Abilities, Weirdness & Mutations

Your plain brown scales are hard. (AC +4)
You cannot fit into any form of body armour.
You are cold-blooded and may be slowed by cold attacks.


Message History

There are monsters nearby!
You miss the bat. The bat misses you.
The jackal bites you but does no damage.
The jackal pulls away from the web.
The jackal bites you but does no damage. x3
Unknown command.
Press < or > to pray at altars.
There are monsters nearby!
You barely miss the jackal. The bat hits you but does no damage.
The jackal bites you but does no damage.
The jackal barely misses you. The jackal bites you.
The jackal closely misses you. The jackal bites you.
An endoplasm comes into view.
The jackal barely misses you. The jackal bites you.
Unknown command.
Press < or > to pray at altars.
You are too injured to fight recklessly!
You are too injured to fight recklessly!
The jackal attacks as you move away!
The jackal bites you but does no damage.
The jackal attacks as you move away! The jackal bites you.
* * * LOW HITPOINT WARNING * * *
The jackal attacks as you move away! The jackal bites you.
* * * LOW HITPOINT WARNING * * *
The jackal is caught in a web! x2; The jackal evades a web.
The jackal pulls away from the web.
Unknown command.
Unknown command.
The endoplasm quivers.
You hit the jackal but do no damage.
The jackal bites you but does no damage.
The jackal struggles to get unstuck from the web.
The jackal misses you. The jackal barely misses you.
The frilled lizard is caught in a web!
The endoplasm oozes through a web.
The jackal struggles to get unstuck from the web.
Unknown command.
You hit the jackal.
The jackal is heavily wounded.
The jackal bites you.
You die...

#............ .
#............
#.#............
#..............
........... .......
#b†J# #####hhl##
#....@h!.# #.....h..#
#........# +........+
.... #........# .....
#........# .....
#........####.....
#................#
#####................#


You could see an endoplasm, 4 jackals, a bat and a frilled lizard (webbed).

Vanquished Creatures
  An endoplasm (D:1)
  A goblin (D:1)
  A quokka (D:1)
  2 bats (D:1)
  A frilled lizard (D:1)
6 creatures vanquished.

Notes
Turn   | Place    | Note
-------+----------+-------------------------------------------
     0 | D:1      | HendSelp the Draconian Gladiator began the quest for the
                  | Orb.
     0 | D:1      | Reached XP level 1. HP: 17/17 MP: 1/1
   193 | D:1      | Found a faded altar of an unknown god.
   212 | D:1      | Slain by a jackal

Illustrated notes

Levels and vault maps discovered:
D:1:      lightli_molten_gateway, layout_basic, ebering_ecumenical_altar_webs

Action                   || total
-------------------------++-------
Melee: Flail             ||    16
       Tailslap          ||     2
Armor: Skin              ||    15
Dodge: Dodged            ||    22

Table legend: (Time is in decaauts)
 A = Elapsed time spent in this place.
 B = Non-inter-level travel time spent in this place.
 C = Inter-level travel time spent in this place.
 D = Time resting spent in this place.
 E = Time spent auto-exploring this place.
 F = Levels seen in this place.
 G = Mean time per level.
                   A        B        C        D        E       F      G
               +--------+--------+--------+--------+--------+-----+--------+
         Total |    215 |    215 |      0 |      0 |    185 |   1 |  215.0 |
       Dungeon |    215 |    215 |      0 |      0 |    185 |   1 |  215.0 |
               +--------+--------+--------+--------+--------+-----+--------+

Top non-repeatable levels by time:
     D:1: 215 daAuts
